 Dungeon Crawl Stone Soup version 0.22-a0-521-gb1378044ac (webtiles) character file.

77 Delvair the Firebug (level 4, 0/33 HPs)
             Began as a Draconian Fire Elementalist on June 20, 2018.
             Succumbed to Sigmund's poison
             ... on level 2 of the Dungeon.
             The game lasted 00:13:30 (2157 turns).

Delvair the Firebug (Draconian Fire Elementalist)   Turns: 2157, Time: 00:13:30

Health: 0/33       AC:  8    Str: 11    XL:     4   Next: 14%
Magic:  5/8        EV: 12    Int: 16    God:
Gold:   65         SH:  0    Dex: 11    Spells: 2/8 levels left

rFire    . . .     SeeInvis .   a - +0 dagger
rCold    . . .     Gourm    .   (no shield)
rNeg     . . .     Faith    .   (armour unavailable)
rPois    .         Spirit   .   (helmet restricted)
rElec    .         Reflect  .   (no cloak)
rCorr    .         Harm     .   (no gloves)
MR       .....                  c - +2 pair of boots
Stlth    ++........             (no amulet)
HPRegen  0.11/turn              (no ring)
MPRegen  0.11/turn              (no ring)

@: lethally poisoned (0 -> -13), very slightly contaminated
A: unfitting armour, cold-blooded, AC +5
a: no special abilities


You were on level 2 of the Dungeon.
You were hungry.

You visited 1 branch of the dungeon, and saw 2 of its levels.

You collected 65 gold pieces.

Inventory:

Hand Weapons
 a - a +0 dagger (weapon)
 k - a +0 dagger
Armour
 c - a +2 pair of boots (worn)
Jewellery
 g - an uncursed amulet of regeneration {unknown}
Scrolls
 e - a scroll of enchant armour {unknown}
 f - 2 scrolls of identify {unknown}
 h - a scroll of teleportation {unknown}
 j - a scroll of noise {unknown}
Potions
 d - 2 potions of curing {unknown}
Comestibles
 b - 3 rations


   Skills:
 + Level 2.0 Dodging
 + Level 1.9 Stealth
 * Level 2.8 Spellcasting
 * Level 1.6 Conjurations
 * Level 4.0 Fire Magic


You had 2 spell levels left.
You knew the following spells:

 Your Spells              Type           Power        Failure   Level  Hunger
a - Flame Tongue          Conj/Fire      ##...        6%          1    #......
b - Throw Flame           Conj/Fire      ##....       9%          2    ##.....
c - Conjure Flame         Conj/Fire      ##......     19%         3    ###....

Your spell library contained the following spells:

 Spells                   Type           Power        Failure   Level  Hunger
 Fireball                 Conj/Fire      ##........   86%         5    ######.
 Sticky Flame             Conj/Fire      ##......     52%         4    #####..
 Inner Flame              Hex/Fire       #.......     26%         3    ###....


Dungeon Overview and Level Annotations

Branches:
Dungeon (2/15)

Altars:

Annotations:
D:2 Sigmund


Innate Abilities, Weirdness & Mutations

Your plain brown scales are hard. (AC +5)
You cannot fit into any form of body armour.
You are cold-blooded and may be slowed by cold attacks.


Message History

You are more poisoned.
The rat barely misses you.
* * * LOW HITPOINT WARNING * * *
You feel sick.
* * * LOW HITPOINT WARNING * * *
You feel sick.
Sigmund mumbles some strange words.
Sigmund flickers and vanishes!
* * * LOW HITPOINT WARNING * * *
You feel sick.
A dart slug comes into view.
* * * LOW HITPOINT WARNING * * *
You feel sick.
* * * LOW HITPOINT WARNING * * *
You feel sick.
You hit the rat but do no damage.
Your tail-slap misses the rat.
* * * LOW HITPOINT WARNING * * *
You feel sick. The rat bites you but does no damage.
A bat comes into view.
You die...

..#
#......#
#.#
#...#.
..#
#......#
#.#
#...#.
..#
#......#
#.#
#...##
..#
###..###
#.#
##.###
..#
##.##
#.#
#...#
..# #.{#
.# #...#
###
#####r##
#...#
#......#
#...#
#.....@#
#.###
#......#
#.###
######.#
#....
#..
#....
##.#
#.... .w
#....
#.#
#.... .b
#####


You could see a dart slug (sleeping), a bat and a rat.

Vanquished Creatures
  A hound (D:2)
  A worm (D:2)
  2 leopard geckos (D:1)
  9 bats
  3 goblins
  7 hobgoblins
  4 jackals (D:1)
  2 ball pythons (D:2)
  5 frilled lizards
  3 kobolds
  2 rats (D:1)
39 creatures vanquished.

Notes
Turn   | Place    | Note
-------+----------+-------------------------------------------
     0 | D:1      | Delvair the Draconian Fire Elementalist began the quest for the Orb.
     0 | D:1      | Reached XP level 1. HP: 14/14 MP: 3/3
   442 | D:1      | Reached XP level 2. HP: 14/20 MP: 0/5
   446 | D:1      | Learned a level 2 spell: Throw Flame
   921 | D:1      | Reached XP level 3. HP: 20/26 MP: 2/6
   926 | D:1      | Learned a level 3 spell: Conjure Flame
  1463 | D:2      | Reached XP level 4. HP: 33/33 MP: 2/8
  1542 | D:2      | Reached skill level 4 in Fire Magic
  1912 | D:2      | Noticed Sigmund
  2156 | D:2      | HP: 1/33 [poisoned by Sigmund]
  2157 | D:2      | Succumbed to Sigmund's poison

Vault maps used:
D:1:      dpeg_arrival_long_road
D:2:      kennysheep_okawaru_gauntlet, first_ration, uniq_sigmund

Skill      XL: |  1  2  3  4 |
---------------+-------------+-----
Dodging        | 2 |  2.0
Fire Magic     | 4 |  4.0
Stealth        | |  1.9
Spellcasting   | |  2.8
Conjurations   | |  1.6

Action                   |  1- 3 |  4- 6 || total
-------------------------+-------+-------++-------
Melee: Mace              |    12 |       ||    12
       Dagger            |    60 |     8 ||    68
       Tailslap          |     7 |     1 ||     8
 Cast: Flame Tongue      |    35 |    16 ||    51
       Throw Flame       |     4 |     1 ||     5
       Conjure Flame     |     6 |    10 ||    16
  Eat: Chunk             |     3 |     3 ||     6
Armor: Skin              |    57 |     6 ||    63
Dodge: Dodged            |    79 |     9 ||    88

Table legend:
 A = Spawn XP
 B = Non-spawn XP
 C = Spawn XP percentage of total XP
 D = Spawn monster count
 E = Non-spawn monster count
 F = Spawn count percentage of total count
 G = Total turns spent on level
                    A         B        C        D         E        F      G
               +---------+---------+-------+---------+---------+-------+---------
         Total |       0 |     111 |   0.0 |       0 |      39 |   0.0 |  2157
               +---------+---------+-------+---------+---------+-------+---------
           D:1 |       0 |      45 |   0.0 |       0 |      26 |   0.0 |  1278
           D:2 |       0 |      66 |   0.0 |       0 |      13 |   0.0 |   879
               +---------+---------+-------+---------+---------+-------+---------
